Map: Babylon LE

Players

MattBarry

  • Race: Zerg Zerg
  • League: Gold
  • Spawn Location: 11:00

Idk - Winner!

  • Race: Terran Terran
  • Spawn Location: 5:00

VOD

Have the link to the VOD?

Description

Time

  • Played on: Jan. 31, 2023, 9:22 a.m.
  • Length: 13:27
Show
View Real Time Build Order
Export as new Build Order

MattBarry Zerg 

Build Orders: Hatch First 

Get SALT Encoding   

  12  0:00  Drone  
  13  0:12  Overlord  
  13  0:17  Drone  
  14  0:38  Drone x2  
  14  0:42  Drone  
  17  0:57  Hatchery  
  17  0:58  Drone  
  17  1:03  Drone  
  18  1:10  Extractor  
  17  1:19  Spawning Pool  
  17  1:22  Drone  
  17  1:26  Drone  
  17  1:32  Drone  
  19  1:43  Overlord  
  19  1:50  Extractor  
  18  2:06  Queen  
  20  2:08  Queen  
  20  2:10  Zergling x6  
  25  2:21  Metabolic Boost  
  25  2:24  Drone  
  25  2:26  Drone  
  27  2:33  Drone  
  27  2:34  Drone  
  29  2:44  Queen  
  31  2:55  Queen  
  33  3:05  Drone x2  
  35  3:06  Drone  
  35  3:08  Overlord  
  36  3:26  Queen  
  38  3:41  Hatchery  
  38  3:45  Lair  
  37  3:59  Overlord  
  37  4:00  Drone x4  
  41  4:05  Spore Crawler  
  41  4:09  Spore Crawler  
  38  4:16  Queen  
  40  4:36  Drone x3  
  40  4:38  Overlord x2  
  41  4:45  Drone  
  41  4:46  Drone x2  
  44  4:57  Evolution Chamber  
  44  4:58  Evolution Chamber  
  42  5:02  Roach Warren  
  41  5:08  Queen  
  43  5:27  Zergling x10  
  43  5:28  Zergling x6  
  51  5:37  Drone  
  52  5:43  Queen  
  52  5:44  Queen  
  56  5:58  Nydus Network  
  56  6:03  Drone  
  56  6:05  Nydus Network  
  56  6:06  Drone  
  56  6:08  Drone  
  57  6:12  Drone  
  57  6:13  Drone  
  57  6:16  Drone  
  60  6:19  Pneumatized Carapace  
  60  6:49  Zergling x12  
  60  6:54  Overlord x4  
  66  7:00  Zergling x8  
  66  7:05  Zergling x8  
  66  7:06  Zergling x2  
  60  7:17  Overseer  
  60  7:18  Overseer  
  60  7:36  Drone x4  
  58  8:08  Zergling x6  
  58  8:12  Queen x3  
  56  8:16  Zergling x10  
  56  8:17  Zergling x6  
  63  8:20  Roach  
  63  8:21  Roach x4  
  73  8:34  Glial Reconstitution  
  73  8:38  Zerg Ground Armor Level 1  
  73  8:40  Zergling x12  
  79  8:43  Baneling Nest  
  79  8:47  Queen  
  80  9:00  Roach x3, Zergling x8  
  80  9:01  Roach x3  
  96  9:08  Overseer  
  93  9:25  Spine Crawler  
  91  9:38  Zerg Missile Weapons Level 1  
  91  9:39  Hydralisk Den  
  91  9:40  Hydralisk Den  
  91  9:45  Evolution Chamber  
  88  9:47  Queen  
  88  9:52  Overlord x2  
  90  9:53  Overlord  
  90  10:12  Roach x4  
  98  10:17  Ravager x6, Hatchery  
  103  10:23  Queen  
  103  10:28  Roach x3  
  111  10:29  Zergling x2  
  69  11:02  Queen  
  71  11:06  Grooved Spines  
  71  11:07  Muscular Augments  
  71  11:09  Zerg Ground Armor Level 2  
  71  11:15  Extractor  
  71  11:17  Zergling x20, Extractor  
  79  11:19  Zergling x2  
  74  11:35  Zergling x2  
  74  11:36  Roach x4  
  78  11:45  Roach x2  
  78  11:47  Ravager  
  79  11:59  Queen  
  79  12:01  Queen  
  81  12:07  Hydralisk x2  
  87  12:17  Drone x3  
  87  12:18  Drone  
  91  12:28  Ravager x2  
  93  12:47  Queen  
  88  12:52  Zergling x20  
  88  12:53  Zergling x2  
  88  12:55  Drone  
Show
View Real Time Build Order
Export as new Build Order

Idk Terran - Winner!

Build Orders:  

Get SALT Encoding   

  12  0:00  SCV  
  13  0:12  SCV  
  14  0:24  SCV  
  14  0:27  Supply Depot  
  15  0:49  SCV  
  16  0:50  Barracks  
  16  1:00  Refinery  
  16  1:01  SCV  
  16  1:02  Supply Depot  
  17  1:13  SCV  
  18  1:25  SCV  
  19  1:36  Marine  
  19  1:37  SCV  
  21  1:42  Command Center  
  21  1:51  Orbital Command  
  21  2:00  Refinery  
  21  2:10  Barracks Reactor  
  21  2:20  Factory  
  21  2:23  SCV  
  22  2:35  SCV  
  23  2:46  Marine x2  
  23  2:47  SCV  
  26  2:54  Supply Depot  
  26  3:00  SCV  
  27  3:07  Marine x2, Factory Tech Lab  
  29  3:14  Starport  
  29  3:35  Marine  
  29  3:36  Marine  
  31  3:44  Engineering Bay  
  31  3:45  Armory  
  31  3:49  Orbital Command  
  31  3:52  Starport Reactor  
  31  3:53  Siege Tank  
  31  3:55  Marine x2  
  36  4:12  Orbital Command  
  36  4:13  Marine x2  
  38  4:19  Supply Depot  
  38  4:32  Medivac x2  
  38  4:33  Marine  
  38  4:34  Marine  
  44  4:39  SCV  
  44  4:40  SCV  
  46  4:51  SCV  
  46  4:52  SCV, Refinery  
  48  4:55  Refinery  
  48  4:57  Marine x2  
  50  5:03  SCV  
  50  5:04  SCV  
  50  5:07  Supply Depot  
  52  5:15  SCV  
  52  5:16  SCV  
  52  5:18  Marine x2  
  56  5:27  SCV  
  56  5:28  SCV  
  58  5:36  Marine x2  
  58  5:40  SCV x2  
  62  5:46  Widow Mine  
  64  5:52  SCV x2  
  64  5:54  Barracks, Marine x2  
  64  5:55  Barracks  
  68  6:01  Terran Infantry Weapons Level 1  
  68  6:03  Supply Depot x2  
  68  6:08  Widow Mine  
  70  6:16  Supply Depot  
  70  6:17  Supply Depot  
  70  6:24  Marine, SCV, Medivac x2  
  70  6:25  SCV  
  77  6:29  Widow Mine  
  79  6:37  SCV x2  
  81  6:49  SCV x2  
  81  6:50  Widow Mine  
  81  6:51  Barracks Tech Lab  
  81  6:52  Barracks Reactor  
  81  6:54  Marine x2, Medivac  
  85  7:01  SCV  
  89  7:12  Marine  
  87  7:18  Marine  
  87  7:20  Medivac  
  90  7:24  Medivac  
  90  7:29  Marine  
  92  7:36  Marine  
  92  7:45  Command Center  
  92  7:47  Marine  
  93  7:52  Stimpack  
  93  7:56  Terran Infantry Armor Level 1  
  91  8:07  Marine x4  
  91  8:08  Marine  
  91  8:09  Widow Mine  
  92  8:22  Medivac x2  
  92  8:25  Marine x5  
  103  8:41  Widow Mine  
  103  8:43  Marine  
  104  8:49  Marine x4  
  104  8:52  Medivac  
  104  8:53  Supply Depot  
  104  8:54  Supply Depot  
  104  8:55  Supply Depot x2  
  110  8:56  Supply Depot  
  110  9:00  Marine  
  113  9:02  Widow Mine  
  113  9:07  Marine  
  104  9:20  Marine x4  
  104  9:24  Widow Mine, Marine  
  111  9:32  Combat Shield  
  111  9:38  Marine x4  
  111  9:41  Medivac x2  
  111  9:42  Marine  
  111  9:45  Widow Mine  
  120  9:51  Orbital Command  
  120  9:54  SCV  
  120  9:55  SCV  
  120  9:58  Refinery  
  122  10:06  SCV  
  122  10:07  Widow Mine, SCV  
  125  10:10  Marine x4  
  125  10:11  Marine, Terran Infantry Armor Level 2  
  131  10:14  Terran Vehicle Weapons Level 1  
  131  10:19  SCV x2  
  133  10:28  Widow Mine, Marine x5, Medivac x2  
  140  10:31  SCV x2  
  137  10:43  SCV x2  
  137  10:46  Marine x5  
  137  10:49  Widow Mine  
  124  11:03  Marine  
  125  11:04  Marine x4  
  125  11:11  Widow Mine  
  131  11:21  Marine  
  131  11:22  Marine x4  
  131  11:24  Refinery  
  136  11:32  Widow Mine  
  136  11:39  Marine x2  
  137  11:40  Marine x3  
  141  11:53  Widow Mine  
  143  11:57  Marine x5  
  148  12:07  Factory  
  148  12:10  Barracks  
  148  12:15  Widow Mine, Marine x5  
  151  12:22  Supply Depot x2  
  155  12:23  Supply Depot  
  155  12:25  Supply Depot  
  155  12:33  Marine x5  
  159  12:49  SCV x3  
  159  12:51  Marine x4  
  161  13:01  SCV x3  
  164  13:13  SCV x3  
Tags
 
League
Gold
Matchup
TvZ
Replay Pack
Multiplayer
Spawn Locations
Cross Positions
Add a new tag
Caveats
  • Supply blocks, unpowered buildings, or Contaminate may cause inaccurate times.
  • Supply counts are checked every 10 seconds.